 Dungeon Crawl Stone Soup version 0.13-b1-32-g21a608e (webtiles) character file.

1567 Goboxel the Chopper (level 8, -3/62 HPs)
             Began as a Human Fighter on Oct 6, 2013.
             Was an Initiate of the Shining One.
             Slain by an orc warrior
             ... wielding a -1,+0 orcish flail
              (12 damage)
             ... on Level 6 of the Dungeon.
             The game lasted 00:18:24 (6613 turns).

Goboxel the Chopper (Human Fighter)                 Turns: 6613, Time: 00:18:24

HP  -3/62        AC  9     Str 18      XL: 8   Next: 84%
MP   7/7         EV  5     Int  8      God: the Shining One [......]
Gold 289         SH 20     Dex 14      Spells:  0 memorised,  7 levels left

Res.Fire  : . . .   See Invis. : .   a - +1 hand axe {=f}
Res.Cold  : . . .   Warding    : .   G - +0 chain mail
Life Prot.: . . .   Conserve   : .   c - +0 shield (curse)
Res.Poison: .       Res.Corr.  : +   (no helmet)
Res.Elec. : .       Clarity    : .   (no cloak)
Sust.Abil.: . .     Spirit.Shd : .   (no gloves)
Res.Mut.  : .       Stasis     : .   (no boots)
Res.Rott. : .       Flight     : .   b - amulet of resist corrosion
Saprovore : . . .                    (no ring)
                                     A - cursed ring of invisibility

@: slightly resistant to hostile enchantments, extremely unstealthy
A: no striking features
a: Renounce Religion, Evoke Invisibility


You were on level 6 of the Dungeon.
You worshipped the Shining One. the Shining One was noncommittal.
You were not hungry.

You visited 1 branch of the dungeon, and saw 6 of its levels.

You collected 269 gold pieces.

Inventory:

Hand weapons
 a - a +1,+1 hand axe (weapon) {=f}
Armour
 c - a cursed +0 shield (worn)
 G - a +0 chain mail (worn)
Magical devices
 j - a wand of digging (8) {unknown}
Comestibles
 d - 3 bread rations
 m - 2 meat rations
 D - an apple
Scrolls
 e - a scroll of amnesia
 i - a scroll of magic mapping
 k - 2 scrolls of enchant weapon I
 n - 2 scrolls of fear
 o - a scroll of curse weapon {unknown}
 p - a scroll of remove curse
 q - 2 scrolls of enchant weapon II
 s - a scroll of noise
 t - a scroll of random uselessness {unknown}
 u - a scroll of identify
 y - 2 scrolls of blinking
 F - a scroll of teleportation
Jewellery
 b - an amulet of resist corrosion (around neck)
 A - a cursed ring of invisibility (left hand)
Potions
 g - a potion of berserk rage {unknown}
 h - 3 potions of magic
 l - 4 potions of restore abilities
 r - 2 potions of cure mutation {unknown}
 v - 2 potions of speed {unknown}
 w - a potion of resistance {unknown}
 x - 2 potions of poison {unknown}
 z - 3 potions of curing


   Skills:
 + Level 5.3 Fighting
 * Level 6.3 Axes
 + Level 5.1 Armour
 - Level 0.6 Dodging
 + Level 5.8 Shields


You had 7 spell levels left.
You didn't know any spells.

Dungeon Overview and Level Annotations

Branches:
Dungeon (6/27)
 Temple: D:4-7          Orc: D:6-11

Altars:
Ashenzari
Cheibriados
Elyvilon
Nemelex Xobeh
Okawaru
Vehumet
Yredelemnul
the Shining One

Shops:
D:4 /


Message History

* * * LOW HITPOINT WARNING * * *
You block the orc warrior's attack.
The orc warrior throws a stone.
The stone hits you!
* * * LOW HITPOINT WARNING * * *
The orc wizard hits you with a flail.
* * * LOW HITPOINT WARNING * * *
You see here a stone.
You hit the orc wizard.
The orc wizard is severely wounded.
The orc wizard hits you but does no damage.
You hit the orc wizard.
The orc wizard is severely wounded.
You block the orc wizard's attack.
You hit the orc warrior but do no damage.
The orc warrior is heavily wounded.
You hit the orc warrior but do no damage.
The orc warrior is heavily wounded.
The orc wizard drinks a potion.
The orc wizard is healed!
The orc warrior hits you with an orcish flail!
You die...

.. ##.###.#..#..#.###.# ...# ###
#.............# ....
#.##.##.####### ....#..####
#.##....# ........(.## #.####..#
##..#..##(.###.####..# ##
##.o##.......# ##o######...# ###
#@# #.))# ####8####
#.######(..####### .#
8_.._.._8##(##...(..)....##. #...
#≈.....≈##....(....s§...(...
#...##≈≈§..≈≈##..(#.o.........##.
....##≈≈.≈≈##..#.#####..)#######
#.#..##≈§§##..##.#####..s## ##
##.##..##'##...##.##.o.....# #.
#.........((.#.##.##<##..s.# ##


You could see an orc warrior and an orc wizard.

Vanquished Creatures
  A sky beast (D:5)
  A phantom (D:4)
  2 centaurs
  A crimson imp (D:5)
  2 hounds
  A jelly (D:5)
  3 orc priests
  2 orc wizards (D:6)
  An iguana (D:6)
  A scorpion (D:6)
  3 worker ants (D:4)
  An ogre zombie (D:5)
  A worker ant zombie (D:5)
  4 gnolls (D:6)
  16 adders
  An inept feature mimic (D:6)
  A worm zombie (D:6)
  6 worms
  An adder skeleton (D:4)
  A giant eyeball (D:4)
  5 giant geckos
  3 oozes
  10 orcs
  3 giant cockroaches
  14 goblins
  9 hobgoblins
  16 jackals
  2 quokkas
  2 ball pythons
  12 bats
  A giant cockroach zombie (D:6)
  8 giant newts
  A giant spore (D:6)
  A hobgoblin skeleton (D:4)
  A hobgoblin zombie (D:5)
  16 kobolds
  8 rats
  A ballistomycete (D:6)
163 creatures vanquished.

Vanquished Creatures (others)
  A plant (D:6)
1 creature vanquished.

Grand Total: 164 creatures vanquished

Notes
Turn   | Place    | Note
--------------------------------------------------------------
     0 | D:1      | Goboxel, the Human Fighter, began the quest for the Orb.
     0 | D:1      | Reached XP level 1. HP: 18/18 MP: 0/0
   122 | D:1      | Reached XP level 2. HP: 24/24 MP: 1/1
   422 | D:1      | Reached XP level 3. HP: 30/30 MP: 2/2
  1120 | D:2      | Reached XP level 4. HP: 30/36 MP: 3/3
  1757 | D:2      | Reached XP level 5. HP: 36/42 MP: 4/4
  2632 | D:4      | HP: 1/42 [orc priest (3)]
  2634 | D:4      | Reached skill level 4 in Fighting
  2634 | D:4      | Reached XP level 6. HP: 11/49 MP: 5/5
  2905 | D:4      | Found Ciugirie's Magical Wand Shop.
  2979 | D:4      | Paralysed by a giant eyeball for 4 turns
  2986 | D:4      | Paralysed by a giant eyeball for 3 turns
  2992 | D:4      | Paralysed by a giant eyeball for 2 turns
  3060 | D:4      | Noticed a phantom
  3115 | D:4      | Killed a phantom
  3115 | D:4      | Reached XP level 7. HP: 3/54 MP: 6/6
  3977 | D:5      | Entered Level 5 of the Dungeon
  4294 | D:5      | Found a snail-covered altar of Cheibriados.
  4338 | D:5      | Reached skill level 5 in Axes
  4358 | D:5      | Found a glowing golden altar of the Shining One.
  4365 | D:5      | Became a worshipper of the Shining One
  4839 | D:5      | Reached skill level 5 in Shields
  4853 | D:5      | Reached XP level 8. HP: 61/61 MP: 7/7
  4905 | D:5      | Found a sparkling altar of Nemelex Xobeh.
  4909 | D:5      | Found a basalt altar of Yredelemnul.
  4910 | D:5      | Found a shattered altar of Ashenzari.
  4917 | D:5      | Found a radiant altar of Vehumet.
  5206 | D:6      | Reached skill level 5 in Fighting
  5783 | D:6      | Found a glowing golden altar of the Shining One.
  5783 | D:6      | Found a white marble altar of Elyvilon.
  5795 | D:6      | Reached skill level 6 in Axes
  5810 | D:6      | Found an iron altar of Okawaru.
  6037 | D:6      | Reached skill level 5 in Armour
  6138 | D:6      | Found Ytumeg's Weapon Shop.
  6169 | D:6      | Ytumeg's Weapon Shop was a mimic.
  6613 | D:6      | Slain by an orc warrior

Action                   |  1- 3 |  4- 6 |  7- 9 || total
-------------------------+-------+-------+-------++-------
Melee: Hand axe          |   138 |   313 |   425 ||   876
Evoke: Wand              |       |     1 |     1 ||     2
  Use: Scroll            |     8 |     1 |     8 ||    17
       Potion            |       |     4 |     4 ||     8
